Unix NetHack Version 5.0.0-0 post-release - last build Jun 10 2026 00:39:30 (3ee93aec679c4c4259841fe613dc97188e26a321,branch:main).

Game began 2026-06-15 04:50:39, ended 2026-06-15 04:56:19.

CyberFan, chaotic male human Rogue

   ------------
   |...........#
   |..........|#
   |..........|#
   -----.----.-#
    #####     ###
  ###          #
 -)-----       #
 |u...o|       #-------
 |@d..{|       #.......
 |...>.|        |<....|
 -------        |.....|
                -------

CyberFan the Cutpurse   St:13 Dx:18 Co:11 In:12 Wi:12 Ch:9  Chaotic
Dlvl:5  $:75 HP:0(20) Pw:10(10) AC:6  Xp:3/50 T:1299 

Latest messages:
 You hear a jackal howling at the moon.
 $ - 10 gold pieces (62 in total).
 In what direction?
 You throw 2 daggers named ammo.
 The 1st dagger named ammo hits the yellow mold.
 The 2nd dagger named ammo hits the yellow mold.
 You hear a jackal howling at the moon.
 In what direction?
 You throw 2 daggers named ammo.
 The 1st dagger named ammo hits the yellow mold.
 You kill the yellow mold!
 g - 3 uncursed +0 daggers named ammo (at the ready) (9 in total).
 v - an orange gem.
 g - an uncursed +0 dagger named ammo (at the ready) (10 in total).
 In what direction?
 You throw 2 daggers named ammo.
 The 1st dagger named ammo hits the giant rat.
 You kill the giant rat!
 g - an uncursed +0 dagger named ammo (at the ready) (9 in total).
 g - an uncursed +0 dagger named ammo (at the ready) (10 in total).
 You hear some noises in the distance.
 $ - 13 gold pieces (75 in total).
 In what direction?
 You throw 2 daggers named ammo.
 The 1st dagger named ammo hits the werejackal.
 The 2nd dagger named ammo hits the werejackal.
 The little dog bites the werejackal.
 The werejackal is killed!
 The pony kicks!
 The pony bites!
 The little dog bites the pony.
 The pony misses the little dog.
 The pony misses the little dog.
 You hit the pony.
 The pony kicks!
 The pony bites!
 The little dog misses the pony.
 The little dog bites the pony.
 The pony hits the little dog.
 The pony misses the little dog.
 The pony kicks!
 The pony bites!
 In what direction?
 You throw 2 daggers named ammo.
 The 1st dagger named ammo hits the pony.
 The 2nd dagger named ammo hits the pony.
 The pony kicks!
 The pony bites!
 The pony kicks!
 You die...

Inventory:
 Coins    ('$')
  $ - 75 gold pieces
 Weapons  (')')
  b - an uncursed +0 dagger (weapon in right hand)
  g - 6 uncursed +0 daggers named ammo (at the ready)
  a - an uncursed +0 short sword (alternate weapon; not wielded)
 Armor    ('[')
  h - an uncursed +0 orcish helm (being worn)
  c - an uncursed +1 leather armor (being worn)
 Comestibles  ('%')
  p - 2 uncursed cram rations
  s - an uncursed cream pie
 Scrolls  ('?')
  i - an uncursed scroll of confuse monster
  o - a cursed scroll of create monster
  k - an uncursed scroll of enchant armor
  n - a blessed scroll of identify
  m - 2 uncursed scrolls of identify
  r - an uncursed scroll of remove curse
 Potions  ('!')
  l - an uncursed potion of oil
  d - an uncursed potion of sickness
 Rings    ('=')
  j - a cursed -1 ring of gain strength named cursed
 Tools    ('(')
  f - an empty uncursed sack
  e - an uncursed lock pick
 Gems/Stones  ('*')
  v - an uncursed worthless piece of orange glass

CyberFan the Rogue's attributes:

Background:
 You were a Cutpurse, a level 3 male human Rogue.
 You were chaotic, nominally on a mission for Kos
 who was opposed by Issek (lawful) and Mog (neutral).
 You were right-handed.
 You were in the Dungeons of Doom, on level 5.
 You entered the dungeon 1299 turns ago.
 It was nighttime.
 There was a new moon in effect when your adventure ended.
 You had 50 experience points, 30 more were needed to attain level 4.

Basics:
 You had 0 out of 20 hit points.
 You had all 10 energy points (spell power).
 Your armor class was 6.
 Your wallet contained 75 zorkmids.
 Autopickup was on for '$%?!"=/*' plus thrown, with exceptions.

Final Characteristics:
 Your strength was 13 (limit:18/100).
 Your dexterity was 18 (limit:18).
 Your constitution was 11 (limit:18).
 Your intelligence was 12 (limit:18).
 Your wisdom was 12 (limit:18).
 Your charisma was 9 (limit:18).

Final Status:
 You weren't hungry.
 You were unencumbered.
 You were wielding a dagger.
 You had basic skill with dagger.

Final Attributes:
 You were devoutly aligned.
 You were stealthy.
 You were warded.
 You are dead.

Miscellaneous:
 You disabled loading and storing of bones levels.
 Total elapsed playing time was 5 minutes and 39 seconds.

Major events:
 Turn
    1: CyberFan the chaotic male human Rogue entered the dungeon
  445: entered the Gnomish Mines
 1206: attained the rank of Cutpurse (level 3)
 1299: killed by a pony

You didn't know any spells.

Skills:
 Fighting Skills
   bare handed combat [Unskilled]
   two weapon combat  [Unskilled]
   riding             [Unskilled]
 Weapon Skills
   dagger             [Basic]
   knife              [Unskilled]
   short sword        [Basic]
   broadsword         [Unskilled]
   long sword         [Unskilled]
   two-handed sword   [Unskilled]
   saber              [Unskilled]
   club               [Unskilled]
   mace               [Unskilled]
   morning star       [Unskilled]
   flail              [Unskilled]
   hammer             [Unskilled]
   polearms           [Unskilled]
   spear              [Unskilled]
   crossbow           [Unskilled]
   dart               [Unskilled]
   shuriken           [Unskilled]
 Spellcasting Skills
   divination spells  [Unskilled]
   escape spells      [Unskilled]
   matter spells      [Unskilled]

Voluntary challenges:
 Character rerolling was not enabled.
 You were an atheist.
 You never genocided any monsters.
 You never polymorphed an object.
 You never changed form.
 You used no wishes.
Achievements:
 You entered a shop.
 You entered the Gnomish Mines.
 You attained the rank of Cutpurse.

 The Dungeons of Doom: levels 1 to 5
    Level 1:
       Some fountains.
    Level 2:
       A general store, a grave.
       Stairs down to The Gnomish Mines.
    Level 3:
       A fountain.
    Level 4:
       A fountain.
    Level 5: <- You were here.
       A sink.
       Final resting place for
          you, killed by a pony.
 The Gnomish Mines:
    Level 3:


Vanquished creatures:
  a floating eye
  a werejackal
 an acid blob
  a large kobold
  a giant rat
  a yellow mold
  9 jackals
  2 foxes
  2 kobolds
  3 goblins
  4 newts
26 creatures vanquished.

No species were genocided or became extinct.

Game over:
                       ----------
                      /          \
                     /    REST    \
                    /      IN      \
                   /     PEACE      \
                  /                  \
                  |     CyberFan     |
                  |      75 Au       |
                  | killed by a pony |
                  |                  |
                  |                  |
                  |                  |
                  |       2026       |
                 *|     *  *  *      | *
        _________)/\\_//(\/(/\)/\//\/|_)_______

Goodbye CyberFan the Rogue...

You died in The Dungeons of Doom on dungeon level 5 with 468 points,
and 75 pieces of gold, after 1299 moves.
You were level 3 with a maximum of 20 hit points when you died.

